 Dungeon Crawl Stone Soup version 0.30-a0-953-g5f1da4a474 (webtiles) character file.

Game seed: 1249359044268492298

134 retardedninja the Covered (level 4, -10/40 HPs)
             Began as an Armataur Fighter on Mar 28, 2023.
             Mangled by an iguana (12 damage)
             ... on level 3 of the Dungeon.
             The game lasted 00:03:18 (1549 turns).

retardedninja the Covered (Armataur Fighter)        Turns: 1549, Time: 00:03:19

Health: -10/40     AC:  8    Str: 21    XL:     4   Next: 95%
Magic:  4/4        EV:  7    Int:  9    God:
Gold:   58         SH:  4    Dex: 11    Spells: 3/3 levels left

rFire   . . .      SeeInvis .    a - +0 long sword
rCold   . . .      Faith    .    c - +0 buckler
rNeg    . . .      Spirit   .    b - +0 scale mail
rPois   .          Reflect  .    p - +0 helmet
rElec   .          Roll     +    (no cloak)
rCorr   .                        (no gloves)
Will    .....                    (no barding) Stlth
                                 (no amulet)
HPRegen 0.26/turn                (no ring)
MPRegen 0.09/turn                (no ring)

@: no status effects
A: large, rugged brown scales 3, deformed body, armoured tail, roll, long
tongue, awkward tongue
a: no special abilities


You were on level 3 of the Dungeon.
You visited 1 branch of the dungeon, and saw 3 of its levels.

You collected 58 gold pieces.

Inventory:

Hand Weapons
 a - a +0 long sword (weapon)
Armour
 b - a +0 scale mail (worn)
 c - a +0 buckler (worn)
 p - a +0 helmet (worn)
Jewellery
 k - a ring of protection from cold
Scrolls
 f - 2 scrolls of fog {unknown}
 j - 2 scrolls of amnesia {unknown}
 l - 2 scrolls of teleportation {unknown}
 m - a scroll of butterflies {unknown}
 o - a scroll of identify {unknown}
 q - a scroll of poison {unknown}
Potions
 d - a potion of might
 e - a potion of berserk rage {unknown}
 g - a potion of lignification {unknown}
 h - a potion of haste {unknown}
 i - a potion of brilliance {unknown}
 n - a potion of attraction {unknown}


   Skills:
 + Level 3.4 Fighting
 + Level 2.8 Long Blades
 + Level 4.6 Armour
 + Level 4.2 Shields


You had 3 spell levels left.
You didn't know any spells.
Your spell library contained the following spells:

 Spells                   Type           Power      Damage    Failure   Level
 Portal Projectile        Hex/Tloc       0%         N/A       98%         3
 Tukima's Dance           Hex            0%         N/A       98%         3
 Blade Hands              Tmut           0%         N/A       100%        5


Dungeon Overview and Level Annotations

Branches:
Dungeon (3/15)

Altars:
Nemelex Xobeh


Innate Abilities, Weirdness & Mutations

You are completely covered in rugged brown scales. (AC +3, +7% HP)
Armour fits poorly on your strangely shaped body.
You have a long armoured tail.
You roll when moving toward enemies. (Rampage)
Your long tongue fully drains potion bottles. (2x potion effects)
Your tongue gives you trouble enunciating. (1.5x scroll delay)


Message History

You hit Jessica.
Jessica is lightly wounded.
Jessica casts a spell.
Jessica seems to speed up.
Jessica hits you with a +0 dagger.
You slash Jessica!
Jessica is almost dead.
Jessica barely misses you. Jessica hits you with a +0 dagger.
You hit Jessica.
Jessica is almost dead.
Jessica hits you but does no damage.
You hit Jessica.
You kill Jessica!
No target in view!
No target in view!
HP restored.
Found a stone staircase leading up.
An iguana comes into view.
The iguana hisses angrily.
An iguana is nearby!
An iguana is nearby!
You closely miss the iguana.
You tail-slap the iguana, but do no damage.
The iguana bites you! The iguana bites you.
An iguana is nearby!
You are too injured to fight recklessly!
An iguana is nearby!
You are too injured to fight recklessly!
You are too injured to fight recklessly!
An iguana is nearby!
You hit the iguana but do no damage. The iguana bites you.
You slash the iguana!
The iguana is moderately wounded.
The iguana bites you!
* * * LOW HITPOINT WARNING * * *
You barely miss the iguana.
The iguana is moderately wounded.
The iguana bites you!
* * * LOW HITPOINT WARNING * * *
The iguana bites you!
You die...

.... ... .###.#.......
..# .........#.#
..#...# .#
#..........##
..#...##.#
#............
..#......# #.........#
..#......####.........#
..#........<....l.....#
#.#......###.#..@######
#.#...................#
#.....##.#............#
##....##.#......#.....#
####............#.....#
.# #............#.....#
.# #............#.....#
....>..#..............#
.......#......#.......#


You could see an iguana.

Vanquished Creatures
  Jessica (D:3)
  4 adders
  4 dart slugs
  3 orcs (D:2)
  A bat (D:2)
  3 endoplasms
  6 giant cockroaches
  3 goblins
  6 hobgoblins
  9 kobolds
  3 quokkas
  7 ball pythons
  3 frilled lizards (D:1)
  5 rats
58 creatures vanquished.

Notes
Turn   | Place    | Note
-------+----------+-------------------------------------------
     0 | D:1      | retardedninja the Armataur Fighter began the quest for the
                  | Orb.
     0 | D:1      | Reached XP level 1. HP: 19/19 MP: 1/1
   243 | D:1      | Reached XP level 2. HP: 23/26 MP: 2/2
   499 | D:1      | You fall into a shaft and drop 1 floor!
   531 | D:2      | Reached XP level 3. HP: 32/33 MP: 3/3
   703 | D:2      | Reached XP level 4. HP: 35/40 MP: 4/4
  1006 | D:2      | Found a faded altar of an unknown god.
  1507 | D:3      | Noticed Jessica
  1510 | D:3      | Found a sparkling altar of Nemelex Xobeh.
  1514 | D:3      | Killed Jessica
  1549 | D:3      | HP: 2/40 [iguana (10)]
  1549 | D:3      | Mangled by an iguana

Illustrated notes

Levels and vault maps discovered:
D:1:      dpeg_chamrin_arrival_tetris, layout_basic
D:2:      layout_basic, hellmonk_ecumenical_altar_defaced_shrine
D:3:      layout_basic, lemuel_doored_altar, nemelex_xobeh_ov_fountains_minmay,
          uniq_jessica

Skill      XL: |  1  2  3  4 |
---------------+-------------+-----
Long Blades    | 2 |  2.8
Armour         | 4 |  4.6
Fighting       | 3 |  3.4
Shields        | 4 |  4.2

Action                     |  1- 3 |  4- 6 || total
---------------------------+-------+-------++-------
  Melee: Long sword        |   101 |    76 ||   177
         Tailslap          |    13 |    11 ||    24
    Use: Potion            |     1 |       ||     1
 Armour: Scale mail        |    65 |    40 ||   105
  Dodge: Dodged            |    47 |    28 ||    75
  Block: Buckler           |    26 |    21 ||    47

Table legend: (Time is in decaauts)
 A = Elapsed time spent in this place.
 B = Non-inter-level travel time spent in this place.
 C = Inter-level travel time spent in this place.
 D = Time resting spent in this place.
 E = Time spent auto-exploring this place.
 F = Levels seen in this place.
 G = Mean time per level.
                   A        B        C        D        E       F      G
               +--------+--------+--------+--------+--------+-----+--------+
         Total |   1603 |   1553 |     50 |     98 |   1056 |   3 |  534.3 |
       Dungeon |   1603 |   1553 |     50 |     98 |   1056 |   3 |  534.3 |
               +--------+--------+--------+--------+--------+-----+--------+

Top non-repeatable levels by time:
     D:2: 745 daAuts
     D:1: 618 daAuts
     D:3: 239 daAuts
